Map: Dusk Towers

Players

까꿍 - Winner!

  • Race: Terran Terran
  • League: Diamond

ILLBdA

  • Race: Protoss Protoss
  • League: Diamond

VOD

Have the link to the VOD?

Description

Time

  • Played on: Dec. 15, 2015, 10:05 p.m.
  • Length: 5:09
Show
View Real Time Build Order
Export as new Build Order

까꿍 Terran - Winner!

Build Orders: 1/1/1, Cyclone Opening 

Get SALT Encoding   

  12  0:01  SCV  
  13  0:13  SCV  
  14  0:18  Supply Depot  
  14  0:25  SCV  
  15  0:29  Refinery  
  15  0:39  SCV  
  16  0:45  Barracks  
  16  0:51  SCV  
  17  0:58  Refinery  
  17  1:03  SCV  
  18  1:16  SCV  
  19  1:31  Orbital Command  
  19  1:34  Factory  
  19  1:41  Barracks Tech Lab  
  19  1:44  Supply Depot  
  19  1:56  SCV  
  20  2:09  SCV  
  21  2:20  Starport  
  21  2:21  SCV  
  21  2:22  Barracks Tech Lab  
  22  2:23  Cyclone  
  25  2:33  SCV  
  26  2:39  Supply Depot  
  26  2:45  SCV  
  27  3:03  Banshee, Cloaking Field  
  30  3:14  Marine  
  30  3:16  SCV  
  32  3:32  Marine  
  33  3:37  Bunker  
  33  3:44  Cyclone  
  36  3:50  Marine  
  37  3:56  Banshee  
  37  3:57  Supply Depot  
  40  4:18  SCV  
  40  4:20  Marine  
  40  4:22  Hellion  
  44  4:35  Command Center  
  44  4:38  Marine  
Show
View Real Time Build Order
Export as new Build Order

ILLBdA Protoss 

Build Orders: Oracle Opening 

Get SALT Encoding   

  12  0:01  Probe (Chrono Boost)  
  13  0:14  Probe (Chrono Boost)  
  14  0:17  Pylon  
  14  0:24  Probe (Chrono Boost)  
  16  0:35  Probe (Chrono Boost)  
  16  0:36  Gateway  
  16  0:46  Probe (Chrono Boost)  
  16  0:47  Assimilator  
  17  0:54  Assimilator  
  17  0:59  Probe (Chrono Boost)  
  18  1:09  Probe (Chrono Boost)  
  19  1:20  Probe (Chrono Boost)  
  19  1:24  Cybernetics Core  
  20  1:26  Pylon  
  20  1:30  Probe (Chrono Boost)  
  21  1:38  Pylon  
  21  1:41  Probe (Chrono Boost)  
  22  1:51  Probe (Chrono Boost)  
  23  2:00  Stargate  
  23  2:04  Gateway  
  23  2:05  Adept (Chrono Boost)  
  25  2:13  Warp Gate  
  25  2:29  Adept (Chrono Boost)  
  27  2:31  Gateway  
  27  2:44  Oracle (Chrono Boost)  
  27  2:51  Pylon  
  30  2:54  Adept  
  30  2:56  Adept  
  34  3:20  Mothership Core  
  35  3:41  Void Ray (Chrono Boost)  
  35  4:04  Pylon  
  35  4:05  Pylon  
  34  4:18  Adept, Forge  
  34  4:19  Adept x2  
  34  4:23  Void Ray (Chrono Boost)  
  44  4:34  Pylon  
  44  4:37  Probe  
  39  4:53  Probe  
  39  4:55  Photon Cannon  
Tags
 
Add a new tag
Caveats
  • Supply blocks, unpowered buildings, or Contaminate may cause inaccurate times.
  • Supply counts are checked every 10 seconds.